 Dungeon Crawl Stone Soup version 0.27-a0-972-gd1521fd518 (webtiles) character file.

Game seed: 13004846900060653792

212 Froggeryz the Insei (level 5, -3/41 HPs)
             Began as a Demonspawn Delver on Apr 13, 2021.
             Slain by Sigmund
             ... wielding a +0 scythe
              (6 damage)
             ... on level 2 of the Dungeon.
             The game lasted 00:03:02 (2850 turns).

Froggeryz the Insei (Demonspawn Delver)             Turns: 2850, Time: 00:03:02

Health: -3/41      AC: 11    Str: 14    XL:     5   Next: 58%
Magic:  5/5        EV:  9    Int: 11    God:
Gold:   89         SH:  0    Dex: 14    Spells: 4/4 levels left

rFire    . . .     SeeInvis .     - Unarmed
rCold    . . .     Faith    .   (no shield)
rNeg     . . .     Spirit   .   i - +0 scale mail
rPois    .         Reflect  .   (no helmet)
rElec    .         Harm     .   (no cloak)
rCorr    .         Rampage  .   (no gloves)
Will     .....                  h - +1 pair of boots
Stlth    ..........             (no amulet)
HPRegen  0.13/turn              (no ring)
MPRegen  0.09/turn              (no ring)

@: confused, brilliant, attractive
A: hooves 1, icy blue scales 2
a: no special abilities


You were on level 2 of the Dungeon.
You visited 1 branch of the dungeon, and saw 5 of its levels.

You collected 89 gold pieces.

Inventory:

Missiles
 a - 2 poisoned darts (quivered)
Armour
 h - a +1 pair of boots (worn)
 i - a +0 scale mail (worn)
Jewellery
 e - a ring of wizardry
Wands
 f - a wand of digging (3)
Scrolls
 b - a scroll of fog
 c - a scroll of magic mapping
 d - a scroll of teleportation {unknown}
 k - a scroll of enchant weapon {unknown}
 l - a scroll of immolation {unknown}


   Skills:
 - Level 3.0 Fighting
 - Level 1.7 Dodging
 - Level 4.5 Stealth
 * Level 5.4 Unarmed Combat


You had 4 spell levels left.
You didn't know any spells.
Your spell library contained the following spells:

 Spells                   Type           Power      Damage    Failure   Level
 Magic Dart               Conj           0%         1d3       85%         1
 Blink                    Tloc           N/A        N/A       94%         2
 Call Imp                 Summ           0%         N/A       94%         2
 Slow                     Hex            0%         N/A       94%         2
 Conjure Flame            Conj/Fire      0%         6-21      99%         3
 Mephitic Cloud           Conj/Pois/Air  0%         N/A       99%         3


Dungeon Overview and Level Annotations

Branches:
Dungeon (5/15)
 Temple: D:4-7

Altars:
Fedhas
Yredelemnul
Zin

Annotations:
D:2 Sigmund


Innate Abilities, Weirdness & Mutations

You have large cloven feet.
You are mostly covered in icy blue scales. (AC +3)


Message History

Sigmund hits you with a +0 scythe.
You hit Sigmund.
Sigmund is heavily wounded.
Sigmund barely misses you.
You hit Sigmund.
Sigmund is severely wounded.
Sigmund hits you but does no damage.
You completely miss Sigmund.
Sigmund is severely wounded.
Sigmund hits you with a +0 scythe.
You hit Sigmund.
Sigmund is almost dead.
Sigmund gestures at himself while chanting.
Sigmund flickers and vanishes!
Deactivating autopickup; reactivate with Ctrl-A.
No target in view!
No target in view!
You miss something. Something hits you.
You miss something. Something hits you but does no damage.
You closely miss something. You miss something. Something hits you!
You completely miss something. Something hits you.
You closely miss something.
You hear some strange, mumbled words.
You are confused.
You bump into the rock wall.
Something hits you but does no damage.
You bump into the rock wall.
Something hits you!
* * * LOW HITPOINT WARNING * * *
It was a potion of attraction.
You feel attractive to monsters. Something hits you but does no damage.
It was a potion of brilliance.
You feel clever all of a sudden.
You hear some strange, mumbled words.
A puff of flame appears from out of thin air!
The puff of flame hits you.
* * * LOW HITPOINT WARNING * * *
You are too confused!
You bump into the rock wall.
Something hits you.
You die...

#.#.# #.## #.# #.
#.#.######..# #.#
#. #.#.........#
#.# #.
#.#########.# #.#
#. #. #.# #.# #. ..
#.# ######.####.
###.###...........
#..(.....)....####
#@#>########.##
#{#.##########
..#........#
.##########.#######
.. ...............
## #######.#######
#.####### #......†.
#########


There were no monsters in sight!

Vanquished Creatures
  A bullfrog zombie (D:5)
  A hound (D:5)
  A bullfrog skeleton (D:5)
  2 iguanas
  4 adders
  A worm (D:3)
  An orc (D:3)
  2 endoplasms (D:3)
  A giant cockroach (D:2)
  7 goblins
  4 hobgoblins
  A quokka (D:2)
  3 ball pythons
  2 bats
  A frilled lizard (D:2)
  5 kobolds
  A rat (D:1)
38 creatures vanquished.

Notes
Turn   | Place    | Note
-------+----------+-------------------------------------------
     0 | D:5      | Froggeryz the Demonspawn Delver began the quest for the
                  | Orb.
     0 | D:5      | Reached XP level 1. HP: 18/18 MP: 1/1
    24 | D:5      | Reached skill level 2 in Unarmed Combat
    24 | D:5      | Gained mutation: You have large cloven feet. [demonic
                  | ancestry]
    24 | D:5      | Reached XP level 2. HP: 20/24 MP: 2/2
    77 | D:5      | Reached skill level 3 in Unarmed Combat
    77 | D:5      | Gained mutation: You are partially covered in icy blue
                  | scales. (AC +2) [demonic ancestry]
    77 | D:5      | Reached XP level 3. HP: 16/29 MP: 3/3
   420 | D:5      | Reached skill level 4 in Unarmed Combat
   420 | D:5      | Gained mutation: You are mostly covered in icy blue scales.
                  | (AC +3) [demonic ancestry]
   420 | D:5      | Reached XP level 4. HP: 20/35 MP: 4/4
   601 | D:5      | Noticed a scorpion
   737 | D:4      | Noticed an orc warrior
   806 | D:4      | Reached XP level 5. HP: 15/41 MP: 5/5
  1133 | D:3      | Reached skill level 5 in Unarmed Combat
  1264 | D:3      | Found a blossoming altar of Fedhas.
  1367 | D:3      | Found a basalt altar of Yredelemnul.
  2822 | D:2      | Noticed Sigmund
  2850 | D:2      | Slain by Sigmund

Illustrated notes

Levels and vault maps discovered:
D:1:      kennysheep_arrival_forest, layout_loops_corners
D:2:      layout_loops_ring, shapermc_ecumenical_altar_mp_urbaneastern,
          chequers_serial_rivers_room_b, minmay_stone_trees_small, uniq_sigmund
D:3:      layout_loops_ring, lemuel_coloured_pillars_altar,
          gammafunk_temple_overflow_wave, kennysheep_cluttered_room,
          kennysheep_generic_room_16
D:4:      layout_basic, kennysheep_generic_room_10
D:5:      layout_loops_corners, lemuel_crystal_altar

Skill      XL: |  1  2  3  4  5 |
---------------+----------------+-----
Unarmed Combat | 2 3 4 5 |  5.4
Fighting       | |  3.0
Dodging        | |  1.7
Stealth        | |  4.5

Action                   |  1- 3 |  4- 6 || total
-------------------------+-------+-------++-------
Melee: Unarmed           |    37 |   154 ||   191
       Kick              |     9 |     4 ||    13
       Punch             |     1 |     2 ||     3
  Use: Potion            |       |     3 ||     3
       Scroll            |       |     1 ||     1
 Stab: Distracted        |     1 |       ||     1
       Sleeping          |     1 |     2 ||     3
Armor: Leather armour    |     5 |     3 ||     8
       Scale mail        |       |    55 ||    55
Dodge: Dodged            |    21 |    62 ||    83

Table legend: (Time is in decaauts)
 A = Elapsed time spent in this place.
 B = Non-inter-level travel time spent in this place.
 C = Inter-level travel time spent in this place.
 D = Time resting spent in this place.
 E = Time spent auto-exploring this place.
 F = Levels seen in this place.
 G = Mean time per level.
                   A        B        C        D        E       F      G
               +--------+--------+--------+--------+--------+-----+--------+
         Total |   2818 |   2774 |     44 |    723 |   1617 |   5 |  563.6 |
       Dungeon |   2818 |   2774 |     44 |    723 |   1617 |   5 |  563.6 |
               +--------+--------+--------+--------+--------+-----+--------+

Top non-repeatable levels by time:
     D:1: 984 daAuts
     D:3: 774 daAuts
     D:5: 710 daAuts
     D:2: 266 daAuts
     D:4: 82 daAuts
